Map: Dead of Night

Players

NamroodTuo

  • Race: Terran Terran

Turezkiy

  • Race: Protoss Protoss
  • Spawn Location: 0:00

VOD

Have the link to the VOD?

Description

Time

  • Played on: June 3, 2023, 1:57 p.m.
  • Length: 23:10
Show
View Real Time Build Order
Export as new Build Order

NamroodTuo Terran 

Build Orders:  

Get SALT Encoding   

  12  0:09  SCV  
  13  0:25  SCV  
  14  0:36  Engineering Bay  
  14  0:42  SCV  
  14  0:48  Refinery  
  15  1:02  SCV  
  16  1:11  Refinery  
  16  1:23  Auto-Turret  
  16  1:25  SCV  
  17  1:42  SCV  
  18  1:55  Auto-Turret  
  18  1:59  SCV  
  19  2:14  Outlaw Weapons Level 1  
  19  2:16  SCV  
  20  2:33  SCV  
  20  2:38  Auto-Turret  
  21  2:50  SCV  
  22  3:01  Tychus  
  22  3:16  SCV  
  22  3:17  Gunslingers Hideout  
  23  3:29  Auto-Turret  
  23  3:43  Auto-Turret  
  23  4:13  Outlaw Life and Armor Level 1  
  23  4:43  SCV  
  24  4:54  Crooked Sam  
  34  5:11  Auto-Turret  
  34  5:13  SCV  
  35  6:05  SCV  
  36  6:13  Outlaw Weapons Level 2  
  36  6:22  SCV  
  36  6:24  Auto-Turret  
  37  6:39  SCV  
  38  6:54  Auto-Turret  
  38  6:56  SCV  
  39  7:02  Auto-Turret  
  39  7:13  SCV  
  40  7:30  Auto-Turret, SCV  
  41  7:47  SCV  
  42  7:58  Auto-Turret  
  42  8:04  SCV  
  43  8:21  SCV  
  44  8:32  James Sirius Sykes  
  44  8:38  SCV  
  55  8:55  SCV  
  56  9:13  SCV  
  57  9:20  Medivac Platform  
  57  9:28  Muscle Armory  
  57  9:30  SCV, Outlaw Life and Armor Level 2  
  58  9:47  SCV  
  59  10:04  SCV  
  60  10:20  SCV  
  61  11:41  Auto-Turret  
  61  12:01  Auto-Turret  
  61  12:07  Auto-Turret  
  61  12:25  Auto-Turret  
  61  12:27  Auto-Turret  
  61  12:31  Outlaw Life and Armor Level 3  
  61  12:43  Kev Rattlesnake West  
  71  12:51  Auto-Turret  
  71  12:55  Auto-Turret  
  71  13:14  Fixers Safehouse  
  71  13:26  Auto-Turret  
  71  13:38  SCV, Refinery  
  72  13:52  Auto-Turret  
  72  13:55  SCV  
  73  14:25  Auto-Turret  
  73  14:31  Auto-Turret  
  73  14:34  SCV  
  74  14:42  Auto-Turret  
  74  14:51  Auto-Turret  
  74  14:58  Auto-Turret  
  74  15:09  Auto-Turret  
  74  15:11  ITC-E Triggers  
  74  15:37  Auto-Turret  
  74  15:44  Lt Layna Nikara  
  84  16:05  Auto-Turret  
  84  16:32  Auto-Turret  
  84  16:41  Endurance Supplements  
  84  19:06  Outlaw Weapons Level 3  
  84  19:11  Kel-Morian Ripper Rounds, D99 Detonator, Procyon Shade Suit  
  84  19:13  Vanadium Shell  
  84  19:31  Auto-Turret  
  84  19:59  Auto-Turret  
  84  20:05  Auto-Turret  
  84  20:25  Auto-Turret  
  84  20:33  Auto-Turret  
  84  21:00  Auto-Turret  
Show
View Real Time Build Order
Export as new Build Order

Turezkiy Protoss 

Build Orders:  

Get SALT Encoding   

  12  0:03  Probe (Chrono Boost)  
  13  0:17  Probe (Chrono Boost)  
  14  0:30  Pylon  
  14  0:31  Probe (Chrono Boost)  
  15  0:52  Assimilator  
  15  0:54  Probe (Chrono Boost)  
  16  1:04  Assimilator  
  16  1:06  Assimilator  
  16  1:08  Probe (Chrono Boost)  
  17  1:22  Probe (Chrono Boost)  
  18  1:33  Gateway  
  18  1:38  Probe (Chrono Boost)  
  19  1:52  Probe (Chrono Boost)  
  20  2:06  Probe (Chrono Boost)  
  21  2:14  Forge  
  21  2:21  Pylon  
  21  2:24  Probe (Chrono Boost)  
  22  2:38  Probe (Chrono Boost)  
  23  2:44  Cybernetics Core  
  23  2:47  Cybernetics Core  
  23  2:53  Pylon  
  23  2:55  Pylon  
  23  2:58  Pylon  
  23  3:02  Probe (Chrono Boost)  
  24  3:16  Probe (Chrono Boost)  
  25  3:46  Probe (Chrono Boost)  
  26  3:55  Stargate  
  26  3:59  Stargate  
  26  4:00  Probe (Chrono Boost)  
  26  4:01  Stargate  
  27  4:14  Probe (Chrono Boost)  
  28  4:27  Probe (Chrono Boost)  
  29  4:32  Stargate  
  29  4:33  Pylon  
  29  4:41  Protoss Shields Level 1, Probe (Chrono Boost)  
  29  4:44  Protoss Air Weapons Level 1  
  29  4:45  Protoss Air Armor Level 1  
  30  4:57  Void Ray  
  34  5:01  Void Ray  
  38  5:17  Probe (Chrono Boost)  
  39  5:24  Void Ray  
  43  5:43  Void Ray  
  47  6:09  Void Ray  
  51  6:44  Void Ray  
  55  7:11  Fleet Beacon  
  55  7:20  Pylon x2  
  55  7:25  Pylon  
  55  7:27  Pylon  
  55  7:30  Pylon  
  55  7:32  Pylon  
  55  7:33  Void Ray  
  55  7:38  Pylon  
  59  7:40  Pylon  
  59  8:01  Void Ray  
  63  8:24  Void Ray  
  67  8:48  Void Ray  
  71  9:21  Protoss Air Weapons Level 2  
  71  9:56  Void Ray  
  75  10:14  Void Ray  
  79  10:30  Void Ray  
  83  11:22  Protoss Air Armor Level 2  
  83  11:40  Twilight Council  
  83  11:54  Void Ray  
  87  12:40  Void Ray x2  
  95  12:53  Dark Pylon  
  95  12:57  Void Ray  
  99  13:36  Protoss Air Weapons Level 3  
  99  14:04  Void Ray  
  103  14:31  Protoss Shields Level 2  
  103  15:12  Protoss Air Armor Level 3  
  103  16:09  Void Ray  
  107  16:10  Void Ray  
  111  16:29  Void Ray  
  115  16:45  Dark Pylon  
  115  17:02  Void Ray  
  119  17:40  Dark Pylon  
  119  18:01  Void Ray  
  119  18:02  Void Ray  
  127  18:14  Dark Pylon  
  127  18:22  Photon Cannon  
  127  18:24  Photon Cannon x2  
  127  18:26  Photon Cannon  
  127  18:29  Photon Cannon x2  
  127  18:33  Photon Cannon  
  127  18:36  Photon Cannon  
  127  18:38  Photon Cannon  
  127  18:40  Photon Cannon  
  127  18:43  Photon Cannon  
  127  18:47  Pylon  
  127  18:51  Pylon  
  127  18:55  Pylon  
  127  19:17  Photon Cannon  
  127  19:18  Photon Cannon  
  127  19:20  Photon Cannon  
  127  19:22  Photon Cannon  
  127  19:25  Photon Cannon  
  127  19:29  Pylon  
  127  19:35  Void Ray x3  
  127  19:36  Void Ray  
  143  19:52  Pylon  
  143  19:58  Photon Cannon  
  143  20:02  Photon Cannon  
  143  21:49  Void Ray x2  
  155  22:32  Dark Pylon  
Tags
 
Commander
TychusVorazun
Matchup
Co-op
Replay Pack
Multiplayer
Add a new tag
Caveats
  • Supply blocks, unpowered buildings, or Contaminate may cause inaccurate times.
  • Supply counts are checked every 10 seconds.